 Dungeon Crawl Stone Soup version 0.32-a0-834-geaf45d8e21 (webtiles) character file.

Game seed: 16579574097008727926

38 Maxmaps the Sneak (level 3, -2/26 HPs)
             Began as an Octopode Monk on Mar 26, 2024.
             Slain by a gnoll
             ... wielding a +0 halberd
              (6 damage)
             ... on level 2 of the Dungeon.
             The game lasted 00:00:53 (956 turns).

Maxmaps the Sneak (Octopode Monk)                    Turns: 956, Time: 00:00:53

Health: -2/26      AC:  1    Str: 10    XL:     3   Next: 43%
Magic:  3/3        EV: 13    Int: 14    God:
Gold:   57         SH:  0    Dex: 20    Spells: 2/2 levels left

rFire   . .          .
                       - Unarmed
rCold   . . .        (no shield)
rNeg    . . .        (helmet restricted)
rPois   .            (no amulet)
rElec   .            c - +6 ring of dexterity
rCorr   .            (no ring)
SInv    .            (no ring)
Will    +....        (no ring)
Stlth   ++++         (no ring)
HPRegen 0.24/turn    (no ring)
MPRegen 0.08/turn    (no ring)
                     (no ring)

%: no passive effects
@: attractive, enlightened, flying
A: almost no armour, amphibious, 8 rings, camouflage 1, gelatinous body 1,
(nimble swimmer 1), tentacles
a: no special abilities


You were on level 2 of the Dungeon.
You visited 1 branch of the dungeon, and saw 2 of its levels.

You collected 57 gold pieces.

Inventory:

Armour
 b - an orb of light
Jewellery
 c - a +6 ring of dexterity (left tentacle)
Talismans
 g - a flux talisman
Scrolls
 d - 5 scrolls of teleportation {unknown}
 h - a scroll of identify {unknown}
 i - 2 scrolls of enchant weapon {unknown}
Potions
 a - a potion of ambrosia
 e - a potion of attraction


   Skills:
 - Level 3.0 Fighting
 - Level 3.0 Dodging
 + Level 4.4 Stealth
 - Level 3.0 Unarmed Combat


You had 2 spell levels left.
You didn't know any spells.
Your spell library was empty.

Dungeon Overview and Level Annotations

Branches:
Dungeon (2/15)

Altars:


Innate Abilities, Weirdness & Mutations

You cannot wear most types of armour.
You are amphibious.
You can wear up to eight rings at the same time.
Your skin changes colour to match your surroundings (Stealth+).
Your rubbery body absorbs attacks. (AC +1, EV +1)
((You are camouflaged when in or above water. (Stealth+)))
You have tentacles for arms and can constrict up to eight enemies at once.


Message History

The gnoll shouts!
You see here a +0 sling.
An endoplasm and a dart slug come into view.
The gnoll shouts!
A quokka comes into view.
The gnoll hits you from afar with a +0 halberd!
The gnoll shouts!
The endoplasm quivers.
The gnoll barely misses you.
You tentacle-slap the gnoll. You grab the gnoll. You tentacle-slap the gnoll.
You squeeze the gnoll.
The gnoll is moderately wounded.
You constrict the gnoll. The gnoll hits you with a +0 halberd!
The gnoll barely misses you.
You are too injured to fight recklessly!
You are too injured to fight recklessly!
You are too injured to fight recklessly!
You are too injured to fight recklessly!
You are too injured to fight recklessly!
You are too injured to fight recklessly!
You are too injured to fight recklessly!
You are too injured to fight recklessly!
You are too injured to fight recklessly!
You are too injured to fight recklessly!
You are too injured to fight recklessly!
You are too injured to fight recklessly!
You are too injured to fight recklessly!
You are too injured to fight recklessly!
Unknown command.
It was a potion of attraction.
You feel attractive to monsters.
You constrict the gnoll. The gnoll closely misses you.
The gnoll hits you with a +0 halberd!
* * * LOW HITPOINT WARNING * * *
The gnoll misses you. The quokka is attracted toward you.
It was a potion of enlightenment.
You feel very buoyant.
You fly up into the air.
You constrict the gnoll. The quokka barely misses you.
The gnoll barely misses you. The gnoll hits you with a +0 halberd.
You die...

#.####.#.....# #.
####.......####.#
## #.......#.##
#####.##.##.#.#
#...........#.#
#....>##.##.#.##
#.....##.......#
.....wg..).....#
.....Jg@.......#
......rg.......#
.....ยง........)#
.......#.......#
......##.......#
.....? #########
#.#### #.


You could see 3 gnolls, a dart slug, an endoplasm and a quokka.

Vanquished Creatures
  An adder (D:2)
  6 endoplasms (D:1)
  3 goblins
  3 hobgoblins (D:1)
  2 kobolds (D:1)
  A quokka (D:2)
  5 ball pythons (D:1)
  2 bats
  A frilled lizard (D:1)
  3 rats
27 creatures vanquished.

Notes
Turn   | Place    | Note
-------+----------+-------------------------------------------
     0 | D:1      | Maxmaps the Octopode Monk began the quest for the Orb.
     0 | D:1      | Reached XP level 1. HP: 16/16 MP: 1/1
    54 | D:1      | Reached skill level 1 in Stealth
   104 | D:1      | Reached skill level 2 in Stealth
   107 | D:1      | Reached XP level 2. HP: 21/21 MP: 2/2
   240 | D:1      | Reached skill level 3 in Stealth
   412 | D:1      | Found a faded altar of an unknown god.
   412 | D:1      | Noticed a tormentor
   580 | D:1      | Reached XP level 3. HP: 26/26 MP: 3/3
   774 | D:2      | Reached skill level 4 in Stealth
   956 | D:2      | Slain by a gnoll

Illustrated notes

Levels and vault maps discovered:
D:1:      dpeg_arrival_oval, layout_rooms,
          dreamdust_ecumenical_altar_sealed_demon, minmay_tall_x
D:2:      layout_loops_cross, basic_altar

Skill      XL: |  1  2  3 |
---------------+----------+-----
Stealth        | 2 3 4 |  4.4
Fighting       | |  3.0
Dodging        | |  3.0
Unarmed Combat | |  3.0

Action                     || total
---------------------------++-------
  Melee: Unarmed           ||    48
         Tentacles         ||    10
         Constrict         ||     8
         Punch             ||     6
    Use: Potion            ||     2
   Stab: Sleeping          ||     7
 Armour: Skin              ||    16
  Dodge: Dodged            ||    31

Table legend: (Time is in decaauts)
 A = Elapsed time spent in this place.
 B = Non-inter-level travel time spent in this place.
 C = Inter-level travel time spent in this place.
 D = Time resting spent in this place.
 E = Time spent auto-exploring this place.
 F = Levels seen in this place.
 G = Mean time per level.
                   A        B        C        D        E       F      G
               +--------+--------+--------+--------+--------+-----+--------+
         Total |    952 |    906 |     46 |     63 |    691 |   2 |  476.0 |
       Dungeon |    952 |    906 |     46 |     63 |    691 |   2 |  476.0 |
               +--------+--------+--------+--------+--------+-----+--------+

Top non-repeatable levels by time:
     D:1: 766 daAuts
     D:2: 186 daAuts
